 Dungeon Crawl Stone Soup version 0.30-a0-715-gdb4ae3ece1 (webtiles) character file.

Game seed: 16487227215459722760

45633 Dirtsage the Geomancer (level 14, -1/123 HPs)
             Began as an Octopode Transmuter on Jan 24, 2023.
             Was a High Priest of the Shining One.
             Slain by flestrin's ghost (27 damage)
             ... on level 5 of the Lair of Beasts.
             The game lasted 00:56:52 (19100 turns).

Dirtsage the Geomancer (Octopode Transmuter)       Turns: 19100, Time: 00:56:53

Health: -1/123     AC: 31    Str: 15    XL:     14   Next: 34%
Magic:  23/25      EV: 23    Int: 21    God:    the Shining One [*****.]
Gold:   1236       SH:  0    Dex: 12    Spells: 9/27 levels left

rFire   + . .      SeeInvis +      - Unarmed
rCold   . . .      Faith    .    (no shield)
rNeg    + + +      Spirit   .    M - +2 hat {SInv}
rPois   ∞          Reflect  .    (no amulet)
rElec   +          Harm     .    f - +5 ring of evasion
rCorr   .          Rampage  .    m - +4 ring of protection
Will    +++..                    b - ring of willpower
Stlth   +                        G - +5 ring of evasion
HPRegen 0.40/turn                F - ring of protection from fire
MPRegen 0.19/turn                x - +6 ring of strength
                                 T - ring of willpower
                                 (no ring)

@: statue-form, glowing, very slow
A: slow and powerful, torment resistance 1, boosted hp, almost no armour,
amphibious, 8 rings, camouflage 1, (gelatinous body 1), (nimble swimmer 1),
tentacles
a: End Transformation, Renounce Religion, Divine Shield, Cleansing Flame, Summon
Divine Warrior


You were on level 5 of the Lair of Beasts.
You worshipped the Shining One.
The Shining One was extremely pleased with you.
You were a living statue of rough stone.
You visited 3 branches of the dungeon, and saw 16 of its levels.
You also visited: Sewer and Ossuary.

You collected 1236 gold pieces.

Inventory:

Missiles
 y - a throwing net
 I - 5 curare-tipped darts
Armour
 M - a +2 hat of see invisible (worn)
 N - the +1 kite shield of Time Monsters {Int+4}
   (You found it on level 1 of the Lair of Beasts)

   Int:       It affects your intelligence (+4).
Magical Staves
 o - a staff of cold
 w - a staff of earth
Jewellery
 b - a ring of willpower (on tentacle)
 f - a +5 ring of evasion (left tentacle)
 m - a +4 ring of protection (right tentacle)
 s - the ring "Ofipt" {rPois rCorr Str-4 Dex+5}
   (You found it on level 6 of the Dungeon)

   [ring of resist corrosion]

   Str:       It affects your strength (-4).
   Dex:       It affects your dexterity (+5).
   rPois:     It protects you from poison.
   rCorr:     It protects you from acid and corrosion.
 x - a +6 ring of strength (on tentacle)
 F - a ring of protection from fire (on tentacle)
 G - a +5 ring of evasion (on tentacle)
 T - a ring of willpower (on tentacle)
Wands
 h - a wand of roots (11)
 D - a wand of digging (4)
 E - a wand of flame (28)
 H - a wand of mindburst (7)
 J - a wand of paralysis (17)
 R - a wand of polymorph (6)
Scrolls
 g - 3 scrolls of fear
 i - 2 scrolls of identify
 n - 8 scrolls of immolation
 p - 2 scrolls of vulnerability
 r - 5 scrolls of magic mapping
 t - 6 scrolls of teleportation
 B - 3 scrolls of blinking
 C - 4 scrolls of amnesia
 L - 4 scrolls of poison
 O - 2 scrolls of fog
 P - 2 scrolls of silence
 S - a scroll of acquirement {unknown}
 U - a scroll of summoning {unknown}
Potions
 a - 7 potions of lignification
 c - 3 potions of flight {unknown}
 d - 2 potions of invisibility {unknown}
 e - a potion of magic {unknown}
 j - 4 potions of mutation {unknown}
 k - 4 potions of might {unknown}
 l - 4 potions of heal wounds
 q - 10 potions of curing
 u - 4 potions of haste {unknown}
 v - 2 potions of attraction {unknown}
 z - 4 potions of resistance {unknown}
 A - 3 potions of brilliance {unknown}
 K - 2 potions of cancellation {unknown}
 Q - 2 potions of ambrosia {unknown}


   Skills:
 - Level 8.6 Fighting
 - Level 4.0 Dodging
 - Level 8.6 Unarmed Combat
 - Level 7.3 Spellcasting
 - Level 7.0 Conjurations
 * Level 8.8 Transmutations
 - Level 8.0 Ice Magic
 - Level 8.0 Air Magic
 * Level 10.3 Earth Magic
 - Level 8.5 Invocations


You had 9 spell levels left.
You knew the following spells:

 Your Spells              Type           Power      Damage    Failure   Level
a - Statue Form           Tmut/Erth      32%        N/A       26%         6
b - Wereblood             Tmut           44%        N/A       1%          2
c - Ice Form              Ice/Tmut       43%        N/A       2%          4
d - Freezing Cloud        Conj/Ice/Air   19%        6-21      10%         5
e - Beastly Appendage     Tmut           88%        N/A       1%          1

Your spell library contained the following spells:

 Spells                   Type           Power      Damage    Failure   Level
 Foxfire                  Conj/Fire      88%        2x1d8     1%          1
 Kiss of Death            Conj/Necr      88%        2d12      1%          1
 Static Discharge         Conj/Air       78%        2-6/arc   1%          2
 Petrify                  Tmut/Erth      48%        N/A       1%          4
 Spider Form              Tmut/Pois      26%        N/A       4%          3
 Vhi's Electric Charge    Tloc/Air       48%        N/A       4%          3
 Ignite Poison            Fire/Tmut/Pois 20%        N/A       8%          3
 Apportation              Tloc           14%        N/A       9%          1
 Kindle Blastsparks       Fire/Tloc/Air  36%        2d13      9%          3
 Leda's Liquefaction      Hex/Erth       14%        N/A       10%         4
 Arcjolt                  Conj/Air       19%        1d29      11%         5
 Lightning Bolt           Conj/Air       19%        1d34      11%         5
 Call Canine Familiar     Summ           7%         N/A       26%         3
 Confusing Touch          Hex            7%         N/A       26%         3
 Gell's Gravitas          Tloc           7%         N/A       26%         3
 Portal Projectile        Hex/Tloc       14%        N/A       26%         3
 Teleport Other           Tloc           7%         N/A       26%         3
 Alistair's Intoxication  Tmut/Pois      17%        N/A       36%         5
 Metabolic Englaciation   Hex/Ice        12%        N/A       41%         5
 Fireball                 Conj/Fire      11%        3d7       50%         5
 Dispel Undead            Necr           7%         3d8       63%         4
 Olgreb's Toxic Radiance  Pois           7%         N/A       63%         4
 Ozocubu's Refrigeration  Ice            20%        4d12      95%         7
 Starburst                Conj/Fire      11%        6d5       97%         6
 Dispersal                Tloc           3%         N/A       100%        6
 Ignition                 Fire           3%         3d4       100%        8


Dungeon Overview and Level Annotations

Branches:
Dungeon (10/15)            Temple (1/1) D:5            Lair (5/5) D:9
 Shoals (0/4) Lair:3        Snake (0/4) Lair:3        Slime (0/5) Lair:4
    Orc (0/2) D:10          Sewer (visited)         Ossuary (visited)

Altars:
Ashenzari
Cheibriados
Dithmenos
Elyvilon
Fedhas
Gozag
Hepliaklqana
Kikubaaqudgha
Makhleb
Nemelex Xobeh
Okawaru
Qazlal
Ru
Sif Muna
Trog
Uskayaw
Vehumet
Wu Jian
Xom
Yredelemnul
Zin
The Shining One
Jiyva

Shops:
D:4 (   D:5 !

Annotations:
Lair:4 3 runed translucent doors, mopl's ghost, journeyman DrEn
Lair:5 flestrin's ghost, journeyman TrGl


Innate Abilities, Weirdness & Mutations

You are a living statue of rough stone.
Your actions are slow, but your melee attacks are powerful.
You are resistant to unholy torment.
Your maximum health is greatly increased.
You are immune to poison.
You cannot wear most types of armour.
You are amphibious.
You can wear up to eight rings at the same time.
Your skin changes colour to match your surroundings (Stealth+).
((Your rubbery body absorbs attacks. (AC +1, EV +1)))
((You are camouflaged when in or above water. (Stealth+)))
You have tentacles for arms and can constrict up to eight enemies at once.


Message History

You take 17 damage, and have 87/123 hp.
You tentacle-slap flestrin's ghost.
You tentacle-slap flestrin's ghost, but do no damage.
Flestrin's ghost is moderately damaged.
Flestrin's ghost hits you.
You take 1 damage, and have 86/123 hp.
You batter flestrin's ghost!! You squeeze flestrin's ghost!
Flestrin's ghost is heavily damaged.
Flestrin's ghost hits you but does no damage.
You bludgeon flestrin's ghost!
Flestrin's ghost is severely damaged.
Flestrin's ghost hits you but does no damage.
Flestrin's ghost hits you!!
You take 21 damage, and have 66/123 hp.
You bludgeon flestrin's ghost!
You squeeze flestrin's ghost, but do no damage.
Flestrin's ghost is severely damaged.
Flestrin's ghost barely misses you.
You tentacle-slap flestrin's ghost but do no damage.
Flestrin's ghost is severely damaged.
Flestrin's ghost hits you!!
You take 21 damage, and have 46/123 hp.
You barely miss flestrin's ghost.
Flestrin's ghost is severely damaged.
Flestrin's ghost hits you!!
* * * LOW HITPOINT WARNING * * *
Flestrin's ghost closely misses you.
You take 21 damage, and have 25/123 hp.
You barely miss flestrin's ghost.
Flestrin's ghost is severely damaged.
Flestrin's ghost closely misses you.
You tentacle-slap flestrin's ghost.
You tentacle-slap flestrin's ghost, but do no damage.
You squeeze flestrin's ghost, but do no damage.
Flestrin's ghost is severely damaged.
Flestrin's ghost hits you but does no damage.
You tentacle-slap flestrin's ghost but do no damage.
Flestrin's ghost is severely damaged.
Flestrin's ghost hits you!!
You die...

........#.# .......####
........# ........#
........# #.......# #####
##......# #####.#P##
##......# #.$#.....#
##......# #8:W8..###
##.<...## #.[#....##
#.....###########.#.## ###
##.......#.###P##...#.####.#
#...............##.P..P##.##
#........................#.#
##........................##
#.....................!.P#
###......................##


You could see flestrin's ghost.

Vanquished Creatures
  Gastronok (Lair:1)
  A fire dragon (Lair:5)
  Erolcha (D:9)
  A hydra (Lair:5)
  5 death yaks (Lair:4)
  Urug (D:10)
  2 harpies (Lair:3)
  2 lindwurms (Lair:5)
  Maurice (D:9)
  11 black mambas
  26 elephants
  2 molten gargoyles (Lair:5)
  A gargoyle (D:10)
  7 cane toads
  9 komodo dragons
  5 rime drakes
  The ghost of caveywoolpert the Magician, a novice DEEE (D:5)
  3 trolls
  2 hornets
  3 polar bears
  A slime creature (Lair:4)
  Sigmund (D:6)
  2 shadows (D:10)
  8 wyverns
  28 yaks
  3 basilisks
  3 steam dragons
  Grum (D:9)
  Eustachio (D:5)
  An acid dragon (D:10)
  4 hell hounds (Lair:5)
  14 water moccasins
  2 sky beasts
  2 black bears
  10 orc warriors
  9 wolves
  2 centaurs
  3 ogres (D:10)
  A phantom (D:5)
  6 kobold brigands
  An elf zombie (D:7)
  Blork the orc (D:6)
  4 gnoll sergeants (D:10)
  15 bullfrogs
  3 scorpions
  2 necrophages
  An elf skeleton (D:7)
  12 wights
  15 killer bees
  6 howler monkeys
  7 electric eels
  5 lava snakes (Lair:5)
  A centaur zombie (Ossuary)
  3 human zombies
  A gnoll bouda (Lair:5)
  6 hounds
  3 jellies (Lair:4)
  4 orc priests
  An iguana (D:7)
  3 human skeletons (D:7)
  4 orc wizards
  3 mummies (Ossuary)
  Robin (D:3)
  18 adders
  5 gnolls
  5 river rats (Sewer)
  A shadow imp (D:6)
  A white imp (D:7)
  A dart slug (D:4)
  A worm (D:4)
  24 orcs
  8 ball pythons
  8 endoplasms
  5 giant cockroaches
  2 gnoll zombies (Ossuary)
  15 goblins
  12 hobgoblins
  4 jackals (D:5)
  5 quokkas
  7 bats
  5 frilled lizards
  A goblin zombie (Ossuary)
  A hobgoblin zombie (Ossuary)
  23 kobolds
  A kobold zombie (Ossuary)
  4 orc skeletons (D:7)
  An orc zombie (Ossuary)
  6 rats
453 creatures vanquished.

Vanquished Creatures (others)
  A bush (Lair:4)
  22 fungi
  31 plants
  2 withered plants (Lair:5)
56 creatures vanquished.

Grand Total: 509 creatures vanquished

Notes
Turn   | Place    | Note
-------+----------+-------------------------------------------
     0 | D:1      | Dirtsage the Octopode Transmuter began the quest for the
                  | Orb.
     0 | D:1      | Reached XP level 1. HP: 13/13 MP: 3/3
   161 | D:1      | Reached skill level 1 in Ice Magic
   161 | D:1      | Reached XP level 2. HP: 6/18 MP: 3/5
   245 | D:1      | Learned a level 2 spell: Wereblood
   505 | D:1      | Reached XP level 3. HP: 17/23 MP: 4/6
  1190 | D:2      | Found a shimmering blue altar of Sif Muna.
  1344 | D:2      | Reached XP level 4. HP: 28/28 MP: 3/7
  1350 | D:2      | Learned a level 4 spell: Ice Form
  1848 | D:3      | Reached XP level 5. HP: 21/33 MP: 4/8
  1935 | D:3      | Noticed Robin
  1949 | D:3      | Killed Robin
  2705 | D:4      | Found a glowing drain.
  2723 | Sewer    | Entered a sewer
  2874 | Sewer    | Reached XP level 6. HP: 38/38 MP: 3/9
  3489 | D:4      | Found Huumiph's Antique Weapon Emporium.
  3712 | D:4      | Reached skill level 5 in Transmutations
  4189 | D:5      | Entered Level 5 of the Dungeon
  4196 | D:5      | Reached XP level 7. HP: 43/43 MP: 5/10
  4391 | D:5      | Reached skill level 5 in Ice Magic
  4497 | D:5      | Reached skill level 1 in Conjurations
  4497 | D:5      | Reached skill level 1 in Air Magic
  4537 | D:5      | Found Jimoph's Distillery.
  4581 | D:5      | Noticed Eustachio
  4591 | D:5      | Killed Eustachio
  4592 | D:5      | Reached XP level 8. HP: 44/48 MP: 7/11
  4737 | D:5      | Found a staircase to the Ecumenical Temple.
  4743 | Temple   | Entered the Ecumenical Temple
  4927 | Temple   | Became a worshipper of Elyvilon the Healer
  5086 | D:5      | Found a runed translucent door.
  5086 | D:5      | Noticed caveywoolpert's ghost (novice DEEE)
  5109 | D:5      | Killed caveywoolpert's ghost
  5271 | D:6      | Identified the ring "Ofipt" {rPois rCorr Str-4 Dex+5}
  5488 | D:6      | Noticed Sigmund
  5495 | D:6      | Killed Sigmund
  5693 | D:6      | Noticed Blork the orc
  5700 | D:6      | Killed Blork the orc
  5900 | D:6      | Reached * piety under Elyvilon
  6207 | D:7      | Reached XP level 9. HP: 53/53 MP: 7/12
  6213 | D:7      | Learned a level 5 spell: Freezing Cloud
  6386 | D:7      | Found a glowing golden altar of the Shining One.
  6392 | D:7      | Fell from the grace of Elyvilon
  6392 | D:7      | Became a worshipper of the Shining One
  6511 | D:7      | Reached * piety under the Shining One
  6548 | D:7      | Found a sand-covered staircase.
  6553 | Ossuary  | Entered an ossuary
  6679 | Ossuary  | Reached ** piety under the Shining One
  7835 | D:8      | Identified the +8 falchion of the Hall of Blades {heavy,
                  | rN+}
  8517 | D:8      | Reached XP level 10. HP: 61/61 MP: 11/13
  8676 | D:8      | Reached skill level 5 in Conjurations
  8676 | D:8      | Reached skill level 5 in Air Magic
  8781 | D:8      | Reached *** piety under the Shining One
  8886 | D:9      | Found an ancient bone altar of Kikubaaqudgha.
  8889 | D:9      | Found a hazy altar of Hepliaklqana.
  8892 | D:9      | Found a hide-covered altar of Uskayaw.
  8895 | D:9      | Found a shimmering blue altar of Sif Muna.
  9020 | D:9      | Noticed Maurice
  9032 | D:9      | Killed Maurice
  9137 | D:9      | Identified the +1 sling "Amuulant" {antimagic, Int+6 SInv}
  9870 | D:9      | Found a basalt altar of Yredelemnul.
  9872 | D:9      | Noticed Erolcha
  9878 | D:9      | Killed Erolcha
  9879 | D:9      | Reached skill level 5 in Unarmed Combat
  9879 | D:9      | Reached skill level 1 in Invocations
 10047 | D:9      | Reached XP level 11. HP: 68/68 MP: 7/14
 10106 | D:9      | Found an iron altar of Okawaru.
 10142 | D:9      | Found a staircase to the Lair.
 10522 | D:9      | Found a burning altar of Makhleb.
 10563 | D:9      | Found a bloodstained altar of Trog.
 10807 | D:10     | Entered Level 10 of the Dungeon
 10949 | D:10     | Noticed Urug
 10957 | D:10     | Killed Urug
 11290 | D:10     | Reached **** piety under the Shining One
 11411 | D:10     | Found a sacrificial altar of Ru.
 11538 | D:10     | Found a shadowy altar of Dithmenos.
 11929 | D:10     | Found a staircase to the Orcish Mines.
 12075 | D:10     | Identified the +3 ring mail of Feasting {Rampage rC+ Str+2}
 12241 | Lair:1   | Entered Level 1 of the Lair of Beasts
 12241 | Lair:1   | Noticed Grum
 12333 | D:9      | Killed Grum
 12423 | Lair:1   | Reached skill level 5 in Fighting
 12564 | Lair:1   | Noticed Gastronok
 12573 | Lair:1   | Killed Gastronok
 12574 | Lair:1   | Reached skill level 1 in Earth Magic
 12743 | Lair:1   | Reached skill level 2 in Earth Magic
 12743 | Lair:1   | Reached XP level 12. HP: 77/77 MP: 16/18
 12808 | Lair:1   | Identified the +1 kite shield of Time Monsters {Int+4}
 12883 | Lair:1   | Identified the +7 rapier "Zyhoicomm" {flame, *Rage rElec
                  | rF+ Will+}
 13474 | Lair:2   | Reached skill level 3 in Earth Magic
 13687 | Lair:2   | Found an ancient bone altar of Kikubaaqudgha.
 14453 | Lair:3   | Found a staircase to the Snake Pit.
 14511 | Lair:3   | Reached skill level 4 in Earth Magic
 14710 | Lair:3   | Reached skill level 5 in Invocations
 14810 | Lair:3   | Reached skill level 5 in Spellcasting
 14810 | Lair:3   | Reached skill level 5 in Earth Magic
 14988 | Lair:3   | Found a staircase to the Shoals.
 15111 | Lair:3   | You fall into a shaft and drop 2 floors!
 15111 | Lair:5   | Entered Level 5 of the Lair of Beasts
 15116 | Lair:5   | Noticed a five-headed hydra
 15344 | Lair:3   | Reached skill level 6 in Earth Magic
 15827 | Lair:4   | Reached XP level 13. HP: 80/85 MP: 21/21
 16198 | Lair:4   | Found a staircase to the Slime Pits.
 16199 | Lair:4   | Found a viscous altar of Jiyva.
 16388 | Lair:4   | Reached skill level 7 in Earth Magic
 16799 | Lair:4   | Found a runed translucent gate.
 16800 | Lair:4   | Found a runed translucent gate.
 16800 | Lair:4   | Found a runed translucent gate.
 16800 | Lair:4   | Noticed an acid blob
 16802 | Lair:4   | Noticed an azure jelly
 16803 | Lair:4   | Noticed an acid blob
 16803 | Lair:4   | Noticed mopl's ghost (journeyman DrEn)
 16803 | Lair:4   | Noticed an acid blob
 16803 | Lair:4   | Noticed a quicksilver ooze
 16803 | Lair:4   | Noticed an azure jelly
 16803 | Lair:4   | Noticed an azure jelly
 16803 | Lair:4   | Noticed an azure jelly
 16804 | Lair:4   | Noticed an acid blob
 16804 | Lair:4   | Noticed an acid blob
 16804 | Lair:4   | Noticed an azure jelly
 16804 | Lair:4   | Noticed an azure jelly
 16804 | Lair:4   | Reached ***** piety under the Shining One
 16806 | Lair:4   | Found a viscous altar of Jiyva.
 16860 | Lair:4   | Reached skill level 8 in Earth Magic
 17466 | Lair:4   | Learned a level 6 spell: Statue Form
 17466 | Lair:4   | Saving game... please wait.
 18017 | Lair:5   | Reached skill level 9 in Earth Magic
 18057 | Lair:5   | Reached XP level 14. HP: 58/95 MP: 11/24
 18237 | Lair:5   | Found a large runed translucent door.
 18237 | Lair:5   | Found a large runed translucent door.
 18424 | Lair:5   | Found a runed translucent door.
 18581 | Lair:5   | Reached skill level 10 in Earth Magic
 18808 | Lair:5   | Noticed flestrin's ghost (journeyman TrGl)
 19100 | Lair:5   | Slain by flestrin's ghost

Illustrated notes

Levels and vault maps discovered:
D:1:      ebering_trefoil_3fold, layout_basic, chequers_avenue
D:2:      layout_basic, basic_altar
D:3:      layout_basic, serial_glass, glass_columns_a, glass_columns_c,
          glass_columns_b, glass_columns_a, minmay_bisected, uniq_robin
D:4:      layout_basic, serial_shops, nicolae_shop_competitors_out_of_business,
          cheibrodos_sewer_entry_bend, grunt_ministairs_8
D:5:      layout_rooms, minmay_temple_entry_waves, serial_shops,
          nicolae_take_the_stairs, gammafunk_ghost_grave, dk_vineyard_3,
          grunt_decor_junction, uniq_eustachio
D:6:      layout_cave_pods, kennysheep_boxes, uniq_sigmund, uniq_blork_the_orc
D:7:      layout_loops_corners, nicolae_tso_swordbearing_angel, serial_rivers,
          chequers_serial_rivers_micro_c, chequers_serial_rivers_micro_b,
          chequers_serial_rivers_micro_c, chequers_serial_rivers_small_3,
          chequers_serial_rivers_large_a, chequers_serial_rivers_micro_a,
          nicolae_ossuary_entry_catacombs, hangedman_decor_growths, minivault_19
D:8:      layout_basic, minmay_orc_keep
D:9:      layout_irregular_city, mainiacjoe_overflow_surrounded_room,
          marbit_many_paths, okawaru_gym_becter,
          mainiacjoe_overflow_concentric_impassable,
          grunt_temple_overflow_cloverleaf, erik_lair_island, eino_jars,
          uniq_maurice, uniq_erolcha
D:10:     layout_basic, nicolae_dithmenos_the_darkroom, kennysheep_little_box,
          kennysheep_orc_monster_closet_entryway, uniq_urug
Temple:   bh_familiar_temple
Lair:1:   layout_chaotic_city, wad_woods_road_03, uniq_gastronok, uniq_grum
Lair:2:   layout_loops_ring, basic_altar
Lair:3:   layout_loops_ring, nicolae_shoals_entry_roost,
          minmay_snake_entry_six_corridors
Lair:4:   layout_long_grid, minmay_slime_entry_pillars, gammafunk_ghost_ooze,
          beast_lair_carwin_9, serial_bayou_shore_a, lemuel_fruit_fields
Lair:5:   cheibrodos_lair_end_hotspot, layout_big_grid, gammafunk_ghost_grave,
          dreamdust_gnoll_shepherd

Skill      XL: |  1  2  3  4  5  6  7  8  9 10 11 12 13 14 |
---------------+-------------------------------------------+-----
Ice Magic      | 1 2 3 4 5 6 8 |  8.0
Transmutations | 3 4 5 6 7 8 |  8.8
Conjurations   | 1 3 4 6 7 |  7.0
Air Magic      | 1 3 4 6 8 |  8.0
Fighting       | 2 3 5 6 8 |  8.6
Dodging        | 4 |  4.0
Unarmed Combat | 5 7 8 |  8.6
Invocations    | 1 4 6 8 |  8.5
Spellcasting   | 4 5 7 |  7.3
Earth Magic    | 2 6 9 10 | 10.3

Action                     |  1- 3 |  4- 6 |  7- 9 | 10-12 | 13-15 || total
---------------------------+-------+-------+-------+-------+-------++-------
  Melee: Unarmed           |    94 |   151 |   326 |   422 |   302 ||  1295
         Kick              |    21 |    12 |     4 |       |       ||    37
         Constrict         |    19 |    27 |     5 |     2 |    10 ||    63
         Tentacles         |     9 |    23 |     8 |     7 |    30 ||    77
         Punch             |     2 |     3 |     1 |       |    12 ||    18
   Cast: Beastly Appendage |    20 |     8 |     1 |       |     1 ||    30
         Wereblood         |     2 |     6 |    10 |    16 |     8 ||    42
         Ice Form          |       |     7 |    31 |    49 |    16 ||   103
         Freezing Cloud    |       |       |       |    25 |    11 ||    36
         Statue Form       |       |       |       |       |     6 ||     6
 Invoke: Divine Shield     |       |       |     1 |       |       ||     1
  Evoke: Wand              |       |       |     5 |    12 |     1 ||    18
    Use: Scroll            |       |     5 |     5 |     7 |     4 ||    21
   Stab: Sleeping          |     4 |     7 |       |       |       ||    11
 Armour: Skin              |     5 |    27 |    93 |    98 |    88 ||   311
  Dodge: Dodged            |    61 |    86 |   193 |   487 |   271 ||  1098
  Block: Other             |       |       |     6 |       |       ||     6

Table legend: (Time is in decaauts)
 A = Elapsed time spent in this place.
 B = Non-inter-level travel time spent in this place.
 C = Inter-level travel time spent in this place.
 D = Time resting spent in this place.
 E = Time spent auto-exploring this place.
 F = Levels seen in this place.
 G = Mean time per level.
                   A        B        C        D        E       F      G
               +--------+--------+--------+--------+--------+-----+--------+
         Total |  19133 |  18551 |    582 |    623 |  14560 |  18 | 1062.9 |
       Dungeon |  11250 |  10787 |    463 |    548 |   8203 |  10 | 1125.0 |
        Temple |    195 |    169 |     26 |      0 |    164 |   1 |  195.0 |
          Lair |   6853 |   6761 |     92 |     75 |   5617 |   5 | 1370.6 |
         Sewer |    583 |    583 |      0 |      0 |    420 |   1 |  583.0 |
       Ossuary |    251 |    251 |      0 |      0 |    156 |   1 |  251.0 |
               +--------+--------+--------+--------+--------+-----+--------+

Top non-repeatable levels by time:
     D:9: 2038 daAuts
  Lair:4: 1971 daAuts
  Lair:5: 1481 daAuts
     D:7: 1437 daAuts
    D:10: 1405 daAuts
  Lair:3: 1296 daAuts
  Lair:1: 1129 daAuts
     D:6: 1013 daAuts
  Lair:2: 974 daAuts
     D:1: 967 daAuts
     D:4: 951 daAuts
     D:8: 922 daAuts
     D:3: 848 daAuts
     D:5: 841 daAuts
     D:2: 822 daAuts
